| TOP OF THE 1ST |
|
Medicine Hat Blue Jays batting - Pitching for Caldwell Claws : RHP Mario Galvan
|
|
Pitching: RHP Mario Galvan
|
|
|
Batting: LHB Kevin Bates
|
0-0: Foul Ball, location: 2F 0-1: Ball 1-1: Foul Ball, location: 2F 1-2: Ball 2-2: Ball 3-2: Ground out 6-3 (Groundball, 56, EV 81.3 MPH)
|
|
Batting: RHB Burt Milley
|
0-0: Ball 1-0: Fly out, F7 (Flyball, 78D, EV 97.5 MPH)
|
|
Batting: LHB Jeffrey Wilson
|
0-0: Ball 1-0: DOUBLE (Line Drive, 9LD, EV 99.4 MPH)
|
|
Batting: LHB Tom Reynolds
|
0-0: Ball 1-0: Ball 2-0: Fly out, F8 (Flyball, 8RXD, EV 75.6 MPH)
|
| Top of the 1st over - 0 runs, 1 hit, 0 errors, 1 left on base; Medicine Hat 0 - Caldwell 0 |
| BOTTOM OF THE 1ST |
|
Caldwell Claws batting - Pitching for Medicine Hat Blue Jays : RHP Erol Akchurin
|
|
Pitching: RHP Erol Akchurin
|
|
|
Batting: RHB Kim Christensen
|
0-0: Foul Ball, location: 2F 0-1: Ball 1-1: Fly out, F8 (Flyball, 8LM, EV 77.5 MPH)
|
|
Batting: RHB David Morales
|
0-0: Foul Ball, location: 2F 0-1: Fly out, F9 (Flyball, 9LM, EV 88.8 MPH)
|
|
Batting: LHB Miguel Negron
|
0-0: SINGLE (Line Drive, 8RS, EV 85.0 MPH)
|
|
Batting: LHB Dave Smith
|
0-0: Called Strike 0-1: 2-RUN HOME RUN (Flyball, 9D, EV 93.8 MPH), Distance : 374 ft
|
|
Batting: LHB Gregory Robles
|
0-0: Fly out, F9 (Flyball, 89M, EV 81.9 MPH)
|
| Bottom of the 1st over - 2 runs, 2 hits, 0 errors, 0 left on base; Medicine Hat 0 - Caldwell 2 |
| TOP OF THE 2ND |
|
Medicine Hat Blue Jays batting - Pitching for Caldwell Claws : RHP Mario Galvan
|
|
Batting: RHB Greg Legg
|
0-0: SINGLE (Line Drive, 34, EV 111.3 MPH)
|
|
Batting: LHB Alberto Chino
|
0-0: Fly out, F5 (Line Drive, 5, EV 65.0 MPH)
|
|
Batting: RHB Terence Shoebridge
|
0-0: Ball 1-0: Ball 2-0: Foul Ball, location: 2F 2-1: Ball 3-1: Base on Balls Greg Legg to second
|
|
Batting: SHB Cordie Dillard
|
0-0: Foul Ball, location: 2F 0-1: SINGLE (Flyball, 89S, EV 95.6 MPH) Greg Legg to third Terence Shoebridge to second
|
|
Batting: SHB Manuel DelRosario
|
0-0: Fly out, F7 (Flyball, 7LM, EV 101.3 MPH) Runner from 3rd tags up, SCORES, throw by LF
|
|
Batting: LHB Kevin Bates
|
0-0: Ball 1-0: Called Strike 1-1: Swinging Strike 1-2: Strikes out swinging
|
| Top of the 2nd over - 1 run, 2 hits, 0 errors, 2 left on base; Medicine Hat 1 - Caldwell 2 |
| BOTTOM OF THE 2ND |
|
Caldwell Claws batting - Pitching for Medicine Hat Blue Jays : RHP Erol Akchurin
|
|
Batting: LHB Joseph Wesley
|
0-0: Foul Ball, location: 2F 0-1: Ball 1-1: Swinging Strike 1-2: Ball 2-2: SINGLE (Groundball, 4D, EV 96.3 MPH)
|
|
Batting: LHB Willie Vigil
|
0-0: Foul Ball, location: 2F 0-1: Ball 1-1: Fly out, F1 (Popup, 15, EV 90.0 MPH)
|
|
Batting: LHB Roberto Guillen
|
0-0: Ball 1-0: Called Strike 1-1: Fielders Choice at 2nd, 4-6 (Groundball, 4D, EV 97.5 MPH)
|
|
Batting: SHB Alfredo Alcaide
|
0-0: Ball 1-0: Called Strike 1-1: Swinging Strike 1-2: Ground out 5-3 (Groundball, 56S, EV 86.9 MPH)
|
| Bottom of the 2nd over - 0 runs, 1 hit, 0 errors, 1 left on base; Medicine Hat 1 - Caldwell 2 |
| TOP OF THE 3RD |
|
Medicine Hat Blue Jays batting - Pitching for Caldwell Claws : RHP Mario Galvan
|
|
Batting: RHB Burt Milley
|
0-0: Ball 1-0: Ball 2-0: Foul Ball, location: 2F 2-1: Swinging Strike 2-2: Foul Ball, location: 2F 2-2: Fly out, F4 (Popup, 34S, EV 69.4 MPH)
|
|
Batting: LHB Jeffrey Wilson
|
0-0: Called Strike 0-1: Ground out 6-3 (Groundball, 6, EV 90.0 MPH)
|
|
Batting: LHB Tom Reynolds
|
0-0: Ball 1-0: Fly out, F9 (Line Drive, 9, EV 103.1 MPH)
|
| Top of the 3rd over - 0 runs, 0 hits, 0 errors, 0 left on base; Medicine Hat 1 - Caldwell 2 |
| BOTTOM OF THE 3RD |
|
Caldwell Claws batting - Pitching for Medicine Hat Blue Jays : RHP Erol Akchurin
|
|
Batting: RHB Kim Christensen
|
0-0: Foul Ball, location: 2F 0-1: Foul Ball, location: 2F 0-2: Foul Ball, location: 2F 0-2: SINGLE (Groundball, 5D, EV 93.8 MPH)
|
|
Batting: RHB David Morales
|
0-0: Ball 1-0: Ball 2-0: Ball 3-0: Called Strike 3-1: Base on Balls Kim Christensen to second
|
|
Batting: LHB Miguel Negron
|
0-0: Called Strike 0-1: Foul Ball, location: 2F 0-2: Foul Ball, location: 2F 0-2: Ball 1-2: Ball 2-2: Ball 3-2: SINGLE (Groundball, 6M, EV 107.5 MPH) Kim Christensen to third David Morales to second Runner from 3rd tries for Home, SAFE, throw by CF to home
|
|
Batting: LHB Dave Smith
|
0-0: Foul Ball, location: 2F 0-1: Ball 1-1: Fly out, F9 (Flyball, 89M, EV 88.1 MPH)
|
|
Batting: LHB Gregory Robles
|
0-0: Fly out, F9 (Line Drive, 9, EV 93.8 MPH)
|
|
Batting: LHB Joseph Wesley
|
0-0: Called Strike 0-1: Swinging Strike 0-2: Ball 1-2: Ball 2-2: Ball 3-2: Foul Ball, location: 2F 3-2: DOUBLE (Line Drive, 78D, EV 106.3 MPH) David Morales scores Miguel Negron to third Miguel Negron scores
|
|
Batting: LHB Willie Vigil
|
0-0: DOUBLE (Line Drive, 7LD, EV 105.0 MPH) Joseph Wesley scores
|
|
Pitching: RHP Juan Aponte
|
|
|
Batting: LHB Roberto Guillen
|
0-0: SINGLE (Line Drive, 89S, EV 109.4 MPH) Willie Vigil to third Runner from 3rd tries for Home, SAFE, throw by RF to home
|
|
Batting: SHB Alfredo Alcaide
|
0-0: Ball 1-0: Fly out, F8 (Flyball, 8LS, EV 89.4 MPH)
|
| Bottom of the 3rd over - 5 runs, 5 hits, 0 errors, 1 left on base; Medicine Hat 1 - Caldwell 7 |
| TOP OF THE 4TH |
|
Medicine Hat Blue Jays batting - Pitching for Caldwell Claws : RHP Mario Galvan
|
|
Batting: RHB Greg Legg
|
0-0: Foul Ball, location: 2F 0-1: Ball 1-1: Ball 2-1: SINGLE (Groundball, 56D, EV 104.4 MPH)
|
|
Batting: LHB Alberto Chino
|
0-0: Ball 1-0: Called Strike 1-1: SINGLE (Groundball, 23, EV 75.6 MPH) (infield hit) Greg Legg to second
|
|
Batting: RHB Terence Shoebridge
|
0-0: Ball 1-0: Grounds into double play, 1-4-3 (Groundball, P, EV 64.4 MPH) Greg Legg to third
|
|
Batting: SHB Cordie Dillard
|
0-0: Called Strike 0-1: Foul Ball, location: 2F 0-2: Strikes out swinging
|
| Top of the 4th over - 0 runs, 2 hits, 0 errors, 1 left on base; Medicine Hat 1 - Caldwell 7 |
| BOTTOM OF THE 4TH |
|
Caldwell Claws batting - Pitching for Medicine Hat Blue Jays : RHP Juan Aponte
|
|
Batting: RHB Kim Christensen
|
0-0: Ground out 6-3 (Groundball, 4M, EV 101.9 MPH)
|
|
Batting: RHB David Morales
|
0-0: Ball 1-0: Fly out, F9 (Flyball, 89S, EV 86.3 MPH)
|
|
Batting: LHB Miguel Negron
|
0-0: Ball 1-0: Foul Ball, location: 2F 1-1: Ball 2-1: Called Strike 2-2: Foul Ball, location: 2F 2-2: Ball 3-2: SINGLE (Groundball, 5D, EV 101.9 MPH)
|
|
Batting: LHB Dave Smith
|
0-0: Called Strike 0-1: Foul Ball, location: 2F 0-2: Strikes out swinging
|
| Bottom of the 4th over - 0 runs, 1 hit, 0 errors, 1 left on base; Medicine Hat 1 - Caldwell 7 |
| TOP OF THE 5TH |
|
Medicine Hat Blue Jays batting - Pitching for Caldwell Claws : RHP Mario Galvan
|
|
Batting: SHB Manuel DelRosario
|
0-0: Ball 1-0: Swinging Strike 1-1: Ground out 6-3 (Groundball, 6, EV 110.0 MPH)
|
|
Batting: LHB Kevin Bates
|
0-0: Ball 1-0: Ball 2-0: Ball 3-0: Base on Balls
|
|
Batting: RHB Burt Milley
|
0-0: Fielders Choice at 2nd, 6-4 (Groundball, 56, EV 80.0 MPH)
|
|
Batting: LHB Jeffrey Wilson
|
0-0: Swinging Strike 0-1: Ball 1-1: Ball 2-1: Fly out, F9 (Flyball, 9LD, EV 76.3 MPH)
|
| Top of the 5th over - 0 runs, 0 hits, 0 errors, 1 left on base; Medicine Hat 1 - Caldwell 7 |
| BOTTOM OF THE 5TH |
|
Caldwell Claws batting - Pitching for Medicine Hat Blue Jays : RHP Juan Aponte
|
|
Batting: LHB Gregory Robles
|
0-0: Ball 1-0: Fly out, F7 (Flyball, 7S, EV 73.8 MPH)
|
|
Batting: LHB Joseph Wesley
|
0-0: Called Strike 0-1: Ball 1-1: Foul Ball, location: 2F 1-2: Ball 2-2: Strikes out swinging
|
|
Batting: LHB Willie Vigil
|
0-0: Ball 1-0: SINGLE (Line Drive, 89M, EV 108.8 MPH)
|
|
Batting: LHB Roberto Guillen
|
0-0: Ball Willie Vigil steals 2nd base 1-0: Swinging Strike 1-1: Ball 2-1: Called Strike 2-2: SINGLE (Groundball, 56D, EV 103.1 MPH) Willie Vigil to third Runner from 3rd tries for Home, SAFE, throw by LF to home
|
|
Batting: SHB Alfredo Alcaide
|
0-0: Ground out 4-3 (Groundball, 34D, EV 75.6 MPH)
|
| Bottom of the 5th over - 1 run, 2 hits, 0 errors, 1 left on base; Medicine Hat 1 - Caldwell 8 |
| TOP OF THE 6TH |
|
Medicine Hat Blue Jays batting - Pitching for Caldwell Claws : RHP Mario Galvan
|
|
Batting: LHB Tom Reynolds
|
0-0: Ball 1-0: Called Strike 1-1: Ball 2-1: Ball 3-1: SINGLE (Groundball, 6MD, EV 96.3 MPH)
|
|
Batting: RHB Greg Legg
|
0-0: Ball 1-0: Ball 2-0: Called Strike 2-1: Swinging Strike 2-2: Fielders Choice at 2nd, 5-4 (Groundball, 56, EV 88.1 MPH)
|
|
Batting: LHB Alberto Chino
|
0-0: Called Strike 0-1: Ball 1-1: Foul Ball, location: 2F 1-2: Ball 2-2: Fly out, F7 (Flyball, 7LS, EV 86.3 MPH)
|
|
Batting: RHB Terence Shoebridge
|
0-0: Called Strike 0-1: Foul Ball, location: 2F 0-2: Ball 1-2: SINGLE (Line Drive, 78S, EV 99.4 MPH) Greg Legg to second
|
|
Batting: SHB Cordie Dillard
|
0-0: Ball 1-0: Ground out 4-3 (Groundball, 4, EV 87.5 MPH)
|
| Top of the 6th over - 0 runs, 2 hits, 0 errors, 2 left on base; Medicine Hat 1 - Caldwell 8 |
| BOTTOM OF THE 6TH |
|
Caldwell Claws batting - Pitching for Medicine Hat Blue Jays : RHP Juan Aponte
|
|
Batting: RHB Kim Christensen
|
0-0: Ball 1-0: Swinging Strike 1-1: Called Strike 1-2: Ball 2-2: Fly out, F8 (Flyball, 8RM, EV 88.8 MPH)
|
|
Batting: RHB David Morales
|
0-0: Ball 1-0: Fly out, F3 (Popup, 3S, EV 86.9 MPH)
|
|
Batting: LHB Miguel Negron
|
0-0: Fly out, F7 (Line Drive, 7LM, EV 103.8 MPH)
|
| Bottom of the 6th over - 0 runs, 0 hits, 0 errors, 0 left on base; Medicine Hat 1 - Caldwell 8 |
| TOP OF THE 7TH |
|
Medicine Hat Blue Jays batting - Pitching for Caldwell Claws : RHP Mario Galvan
|
|
Batting: SHB Manuel DelRosario
|
0-0: Called Strike 0-1: Fly out, F7 (Flyball, 78S, EV 91.9 MPH)
|
|
Batting: LHB Kevin Bates
|
0-0: Called Strike 0-1: Foul Ball, location: 2F 0-2: Ball 1-2: Ball 2-2: Ball 3-2: Ground out 5-3 (Groundball, 15, EV 92.5 MPH)
|
|
Batting: RHB Burt Milley
|
0-0: Ball 1-0: Ball 2-0: Ball 3-0: Called Strike 3-1: Base on Balls
|
|
Batting: LHB Jeffrey Wilson
|
0-0: Foul Ball, location: 2F 0-1: Ball Burt Milley is caught stealing 2nd base 2-6
|
| Top of the 7th over - 0 runs, 0 hits, 0 errors, 0 left on base; Medicine Hat 1 - Caldwell 8 |
| BOTTOM OF THE 7TH |
|
Caldwell Claws batting - Pitching for Medicine Hat Blue Jays : RHP Juan Aponte
|
|
Batting: LHB Dave Smith
|
0-0: Ball 1-0: Ball 2-0: Foul Ball, location: 2F 2-1: SOLO HOME RUN (Flyball, 7D, EV 97.5 MPH), Distance : 360 ft
|
|
Pinch Hitting: RHB Robert Brauer
|
0-0: Called Strike 0-1: Ball 1-1: Ball 2-1: Foul Ball, location: 2F 2-2: Ball 3-2: Base on Balls
|
|
Pitching: RHP Mark Adams
|
|
|
Pinch Hitting: LHB Jorge Martinez
|
0-0: Foul Ball, location: 2F 0-1: Fielders Choice at 2nd, 6-4 (Groundball, 56, EV 103.8 MPH)
|
|
Batting: LHB Willie Vigil
|
0-0: SINGLE (Groundball, 4S, EV 76.9 MPH) (infield hit) Jorge Martinez to second
|
|
Batting: LHB Roberto Guillen
|
0-0: Ball 1-0: Fielders Choice at 2nd, 6-4 (Groundball, 6, EV 86.3 MPH) Jorge Martinez to third
|
|
Pinch Hitting: RHB Eddie Acevedo
|
0-0: Ball 1-0: Called Strike 1-1: Ball 2-1: Called Strike 2-2: Strikes out swinging
|
| Bottom of the 7th over - 1 run, 2 hits, 0 errors, 2 left on base; Medicine Hat 1 - Caldwell 9 |
| TOP OF THE 8TH |
|
Medicine Hat Blue Jays batting - Pitching for Caldwell Claws : RHP Mario Galvan
|
|
Now at C: Eddie Acevedo
|
|
|
Now at 1B: Israel Gutierrez
|
|
|
Now at 3B: Jorge Martinez
|
|
|
Batting: LHB Jeffrey Wilson
|
0-0: Foul Ball, location: 2F 0-1: Ball 1-1: Ball 2-1: SINGLE (Groundball, 56D, EV 103.1 MPH)
|
|
Pinch Hitting: RHB Darrell Vosejpka
|
0-0: Fly out, F9 (Flyball, 89S, EV 88.8 MPH)
|
|
Batting: RHB Greg Legg
|
0-0: Ball 1-0: DOUBLE (Line Drive, 89XD, EV 97.5 MPH) Jeffrey Wilson to third Runner from 3rd tries for Home, SAFE, no throw by CF
|
|
Batting: LHB Alberto Chino
|
0-0: Foul Ball, location: 2F 0-1: Ball 1-1: SINGLE (Line Drive, 34D, EV 101.3 MPH) Greg Legg to third Runner from 3rd tries for Home, SAFE, throw by RF to home
|
|
Batting: RHB Terence Shoebridge
|
0-0: Called Strike 0-1: Fly out, F8 (Flyball, 89D, EV 95.6 MPH)
|
|
Batting: SHB Cordie Dillard
|
0-0: Ball 1-0: Foul Ball, location: 2F 1-1: Foul Ball, location: 2F 1-2: SINGLE (Line Drive, 78S, EV 105.6 MPH) Alberto Chino to second Runner from 2nd tries for 3rd, SAFE, no throw by CF
|
|
Batting: SHB Manuel DelRosario
|
0-0: Fly out, F9 (Flyball, 89S, EV 76.3 MPH)
|
| Top of the 8th over - 2 runs, 4 hits, 0 errors, 2 left on base; Medicine Hat 3 - Caldwell 9 |
| BOTTOM OF THE 8TH |
|
Caldwell Claws batting - Pitching for Medicine Hat Blue Jays : RHP Mark Adams
|
|
Now at 1B: Darrell Vosejpka
|
|
|
Batting: RHB Kim Christensen
|
0-0: Called Strike 0-1: Ball 1-1: Fly out, F9 (Flyball, 9LM, EV 89.4 MPH)
|
|
Batting: RHB David Morales
|
0-0: Called Strike 0-1: Fly out, F2 (Popup, 25F, EV 82.5 MPH)
|
|
Batting: LHB Miguel Negron
|
0-0: Ball 1-0: Called Strike 1-1: Ball 2-1: DOUBLE (Line Drive, 7LM, EV 108.1 MPH)
|
|
Batting: LHB Dave Smith
|
0-0: Ball 1-0: Ball 2-0: Foul Ball, location: 2F 2-1: Foul Ball, location: 2F 2-2: Fly out, F7 (Line Drive, 78M, EV 98.1 MPH)
|
| Bottom of the 8th over - 0 runs, 1 hit, 0 errors, 1 left on base; Medicine Hat 3 - Caldwell 9 |
| TOP OF THE 9TH |
|
Medicine Hat Blue Jays batting - Pitching for Caldwell Claws : RHP Mario Galvan
|
|
Batting: LHB Kevin Bates
|
0-0: Called Strike 0-1: Fly out, F5 (Flyball, 56D, EV 86.3 MPH)
|
|
Batting: RHB Burt Milley
|
0-0: Ball 1-0: Called Strike 1-1: Ball 2-1: Ball 3-1: Ground out 6-3 (Groundball, 6, EV 86.3 MPH)
|
|
Batting: LHB Jeffrey Wilson
|
0-0: Ball 1-0: Swinging Strike 1-1: Foul Ball, location: 2F 1-2: Ball 2-2: Ball 3-2: Fly out, F3 (Line Drive, 3, EV 68.8 MPH)
|
| Top of the 9th over - 0 runs, 0 hits, 0 errors, 0 left on base; Medicine Hat 3 - Caldwell 9 |
|